 Dungeon Crawl Stone Soup version bcrawl-1.19.1 (webtiles) character file.

Game seed: 616406413189135554

189 Freyura the Cudgeler (level 5, -9/33 HPs)
             Began as a Skeleton Fighter on Dec 8, 2019.
             Mangled by a kobold
             ... wielding a +0 dagger of electrocution
              (12 damage)
             ... on level 3 of the Dungeon.
             The game lasted 00:04:40 (2064 turns).

Freyura the Cudgeler (Skeleton Fighter)             Turns: 2064, Time: 00:04:40

Health: -9/33      AC: 10    Str: 22    XL:     5   Next: 40%
Magic:  0/5        EV:  9    Int:  7    God:
Gold:   96         SH:  9    Dex:  9    Spells: 4/4 levels left

rFire    . . .     SeeInvis .   a - +0 flail
rCold    + . .     Gourm    .   c - +0 shield
rNeg     + + +     Faith    .   b - +0 scale mail
rPois    ∞         Spirit   +   h - +0 helmet
rElec    .         Reflect  .   (no cloak)
rCorr    .         Harm     .   j - +0 pair of gloves
MR       .....                  i - +0 pair of boots
Stlth    ..........             (no amulet)
HPRegen  0.11/turn              (no ring)
MPRegen  0.09/turn              (no ring)

@: no status effects
A: no food or potions, cold resistance 1, deterioration 1, negative energy
resistance 3, torment resistance, unbreathing, magic shield, sturdy frame 1,
spell healing
a: no special abilities


You were on level 3 of the Dungeon.
You were not hungry.

You visited 1 branch of the dungeon, and saw 3 of its levels.

You collected 96 gold pieces.

Inventory:

Hand Weapons
 a - a +0 flail (weapon)
Armour
 b - a +0 scale mail (worn)
 c - a +0 shield (worn)
 e - a +0 chain mail
 h - a +0 helmet (worn)
 i - a +0 pair of boots (worn)
 j - a +0 pair of gloves (worn)
Scrolls
 d - a scroll of identify
 g - 2 scrolls of enchant weapon
 k - a scroll of amnesia


   Skills:
 + Level 3.6 Fighting
 * Level 4.4 Maces & Flails
 + Level 4.1 Armour
 + Level 1.8 Dodging
 + Level 4.4 Shields


You had 4 spell levels left.
You didn't know any spells.
Your spell library was empty.

Dungeon Overview and Level Annotations

Branches:
Dungeon (3/12)

Altars:
The Shining One


Innate Abilities, Weirdness & Mutations

You do not eat or drink.
You are immune to poison.
Your flesh is cold resistant. (rC+)
Your body sometimes deteriorates upon taking damage.
You are immune to negative energy. (rN+++)
You are immune to unholy pain and torment.
You can survive without breathing.
When hurt, damage is shared between your health and your magic reserves.
Your movements are slightly less encumbered by armour. (ER -2)
Casting spells heals you.


Message History

The adder is severely wounded.
The adder bites you but does no damage. The adder barely misses you.
You closely miss the adder.
The adder is severely wounded.
You block the adder's attack.
You miss the adder.
The adder is severely wounded.
The adder bites you but does no damage. The adder closely misses you.
Your shield and scale mail prevent you from hitting the adder.
The adder is severely wounded.
The adder bites you.
* * * LOW HITPOINT WARNING * * *
You sock the adder!
You kill the adder!
You block the quokka's attack.
You hit the quokka.
You kill the quokka!
You closely miss the kobold. The kobold hits you but does no damage.
You are electrocuted!
You die...

#...##..#.......#
.!...#.###)#.......#
......#.#
#.#.......# .....
#.# #)#.......#####
.....
#.###..(....##.....
....
................#
....
.###..##..#.#..##
##....##.##.#
###..##@##.### .
#..##K##..<# ..
#...wK####.#######
#.##...###
#.......## #...>..#
####.....# ####.#.#
##.###.# #....# #..#
#.#.K# ##.##
#.#.w#######..#


You could see a worm and 2 kobolds.

Vanquished Creatures
  A scorpion (D:3)
  An orc priest (D:3)
  An orc wizard (D:3)
  3 adders (D:3)
  An ooze (D:1)
  3 worms
  2 dart slugs (D:3)
  3 leopard geckos
  4 orcs
  A ball python (D:1)
  A giant cockroach (D:1)
  3 goblins
  3 hobgoblins (D:2)
  2 quokkas
  4 bats
  A frilled lizard (D:2)
  3 kobolds
  2 rats (D:1)
39 creatures vanquished.

Notes
Turn   | Place    | Note
-------+----------+-------------------------------------------
     0 | D:1      | Freyura the Skeleton Fighter began the quest for the Orb.
     0 | D:1      | Reached XP level 1. HP: 14/14 MP: 1/1
   243 | D:1      | Found a glowing golden altar of the Shining One.
   251 | D:1      | Reached XP level 2. HP: 18/19 MP: 2/2
  1111 | D:2      | Reached XP level 3. HP: 23/23 MP: 3/3
  1142 | D:2      | Found a faded altar of an unknown god.
  1327 | D:2      | Reached skill level 1 in Dodging
  1690 | D:3      | Noticed a scorpion
  1698 | D:3      | Killed a scorpion
  1698 | D:3      | Reached XP level 4. HP: 8/28 MP: 1/4
  1704 | D:3      | Reached XP level 5. HP: 8/32 MP: 1/5
  2064 | D:3      | Mangled by a kobold

Skill      XL: |  1  2  3  4 |
---------------+-------------+-----
Maces & Flails | 3 4 |  4.4
Dodging        | 1 |  1.8
Shields        | 4 |  4.4
Armour         | 4 |  4.1
Fighting       | |  3.6

Action                   |  1- 3 |  4- 6 || total
-------------------------+-------+-------++-------
Melee: Flail             |   130 |    40 ||   170
  Use: Scroll            |     4 |       ||     4
Armor: Scale mail        |    51 |    20 ||    71
Dodge: Dodged            |    46 |    20 ||    66
Block: Shield            |    68 |    29 ||    97
